Map: Deathaura LE

Players

Stroke - Winner!

  • Race: Terran Terran
  • League: Diamond
  • Spawn Location: 11:00

A.I. 1 (Very Easy)

  • Race: Zerg Zerg
  • Spawn Location: 5:00

VOD

Have the link to the VOD?

Description

Time

  • Played on: June 19, 2020, 1:11 p.m.
  • Length: 5:05
Show
View Real Time Build Order
Export as new Build Order

Stroke Terran - Winner!

Build Orders:  

Get SALT Encoding   

  12  0:00  SCV  
  13  0:13  SCV  
  14  0:18  Supply Depot  
  14  0:25  SCV  
  15  0:41  Barracks  
  15  0:49  Barracks  
  15  0:55  Refinery  
  15  0:58  SCV  
  16  1:11  SCV  
  17  1:23  SCV  
  18  1:29  Marine  
  18  1:32  Supply Depot  
  19  1:36  Orbital Command  
  19  1:47  Marine, Barracks Tech Lab  
  20  2:06  Marine  
  20  2:08  Marauder  
  23  2:10  Concussive Shells  
  23  2:16  SCV  
  24  2:24  Marine  
  24  2:28  Supply Depot  
  25  2:30  Marauder  
  25  2:36  SCV  
  28  2:42  Marine  
  29  2:52  Marauder  
  31  3:02  Marine  
  31  3:13  Marine  
  32  3:20  Marine  
  32  3:23  Bunker  
  33  3:31  Marine  
  33  3:37  SCV  
  34  4:01  Bunker  
  34  4:10  Marine  
  34  4:11  Marauder  
  37  4:33  Marauder  
  37  4:37  Supply Depot  
Show
View Real Time Build Order
Export as new Build Order

A.I. 1 (Very Easy) Zerg 

Build Orders: Pool Only 

Get SALT Encoding   

  12  0:01  Drone  
  13  0:12  Overlord  
  13  0:16  Drone  
  14  0:36  Spawning Pool  
  14  0:37  Extractor  
  14  0:39  Drone  
  13  0:46  Drone  
  14  0:51  Overlord  
  14  1:22  Zergling x2  
  14  1:23  Queen  
  17  1:30  Roach Warren  
  16  1:35  Drone  
  16  1:39  Extractor  
  16  1:44  Drone  
  17  1:49  Zergling x2  
  18  2:03  Drone  
  19  2:10  Drone  
  19  2:15  Zergling x2  
  21  2:17  Drone  
  22  2:28  Overlord  
  22  2:31  Drone  
  23  2:38  Drone  
  23  2:42  Roach  
  26  2:45  Drone  
  27  3:08  Zergling x2  
  22  3:34  Zergling x2  
  23  3:50  Queen  
  22  4:01  Zergling x2  
  23  4:06  Drone, Spawning Pool  
  22  4:24  Drone  
  22  4:28  Roach  
  18  4:32  Drone  
  12  4:39  Drone  
  7  4:47  Drone  
  7  4:48  Drone  
Tags
 
League
Diamond
Matchup
TvZ
Opening
Pool Only
Spawn Locations
Cross Positions
Add a new tag
Caveats
  • Supply blocks, unpowered buildings, or Contaminate may cause inaccurate times.
  • Supply counts are checked every 10 seconds.